[Event "Titled Tuesday Blitz April 4 Early 2023"]
[White "Ozates, Tuna"]
[Black "Becerra, Juan David"]
[WhiteFideId "6354521"]
[BlackFideId "4404998"]
[WhiteElo "2151"]
[BlackElo "2276"]
[Result "0-1"]
[Round "08"]
[TimeControl "180+2"]
[Date "2023.04.04"]
[WhiteClock "0:00:07"]
[BlackClock "0:00:10"]

1. d4 Nf6 2. Bg5 d5 3. Bxf6 exf6 4. e3 g6 5. g3 Bg7 6. Bg2 O-O 7. Ne2 f5 8. O-O c6 9. Nd2 Nd7 10. c4 Nf6 11. b4 Be6 12. Qc2 h5 13. h4 dxc4 14. Nxc4 Nd5 15. Rab1 a6 16. Rfc1 Qe7 17. Qd2 Bh6 18. a4 Rad8 19. b5 axb5 20. axb5 c5 21. Qb2 Nb4 22. Ne5 b6 23. Nc6 Nxc6 24. bxc6 Bd5 25. Bxd5 Rxd5 26. Qxb6 Bxe3 27. fxe3 Qxe3+ 28. Kf1 Re8 29. Rb2 Qf3+ 30. Ke1 Qxg3+ 31. Kd1 Qf3 32. Rc3 Rxd4+ 33. Ke1 Qxc3+ 34. Kf1 Rd1+ 35. Kf2 Qe3+ 36. Kg2 Qe4+ 37. Kf2 Rd6 38. Qxc5 Rxc6 39. Qb5 Qxh4+ 40. Kf1 Rce6 41. Rd2 Qh1+ 42. Kf2 Rxe2+ 43. Rxe2 Qh2+ 0-1


[Site "https://www.chess.com"]

[Event "Titled Tuesday Blitz April 4 Early 2023"]
[White "Chandreyee, Hajra"]
[Black "Nikologorskiy, Konstantin"]
[WhiteFideId "5056535"]
[BlackFideId "24111708"]
[WhiteElo "1725"]
[BlackElo "2293"]
[Result "0-1"]
[Round "08"]
[TimeControl "180+2"]
[Date "2023.04.04"]
[WhiteClock "0:00:17"]
[BlackClock "0:00:04"]

1. e4 c5 2. Nf3 d6 3. d4 cxd4 4. Nxd4 Nf6 5. Nc3 a6 6. Bg5 Nbd7 7. Bc4 Qb6 8. Bb3 e6 9. Qd2 Be7 10. O-O-O Nc5 11. Rhe1 Qc7 12. f4 O-O 13. e5 Ne8 14. Bxe7 Qxe7 15. exd6 Nxd6 16. f5 Nxb3+ 17. axb3 Nb5 18. Nd5 Qh4 19. Nb6 Rb8 20. fxe6 Bxe6 21. g3 Qh3 22. Nxb5 axb5 23. Qf2 Rfd8 24. b4 Qg4 25. b3 Qxb4 26. Kb2 g6 27. h4 h5 28. Qf6 Rxd1 29. Rxd1 Qc5 30. Nd7 Bxd7 31. Rxd7 Rf8 32. Ka2 Qxc2+ 33. Ka3 Qc5+ 34. Kb2 b4 35. Qd4 Qf5 36. Qd3 Qf2+ 37. Kb1 Re8 38. Qc2 Re1+ 39. Kb2 Re2 40. Rd8+ Kg7 41. Rg8+ Kxg8 42. Kb1 Rxc2 43. Ka1 Qd2 44. Kb1 Qc1# 0-1


[Site "https://www.chess.com"]

[Event "Titled Tuesday Blitz April 4 Early 2023"]
[White "Kukreja, Sankalp"]
[Black "NiklasSchmider"]
[WhiteFideId "45027676"]
[WhiteElo "2126"]
[BlackElo "2596"]
[Result "0-1"]
[Round "08"]
[TimeControl "180+2"]
[Date "2023.04.04"]
[WhiteClock "0:00:05"]
[BlackClock "0:00:10"]

1. e4 e5 2. Nf3 Nc6 3. Bb5 a6 4. Ba4 Nf6 5. O-O Bc5 6. c3 b5 7. Bc2 d5 8. d4 dxe4 9. Nxe5 Nxe5 10. dxe5 Qxd1 11. Rxd1 Ng4 12. Rf1 e3 13. fxe3 Bxe3+ 14. Bxe3 Nxe3 15. Rf2 Nxc2 16. Rxc2 Be6 17. Nd2 Bf5 18. Rcc1 O-O-O 19. Nf3 c5 20. Rf1 Bd3 21. Rf2 h6 22. Nh4 Bc4 23. Nf5 Kc7 24. Nd6 Rd7 25. Nxc4 bxc4 26. Raf1 Re8 27. Rxf7 Rxe5 28. Rxd7+ Kxd7 29. Rf7+ Kc6 30. Rxg7 Re2 31. b3 Rxa2 32. bxc4 a5 33. Rg6+ Kb7 34. Rxh6 a4 35. Rh5 a3 36. h4 Ra1+ 37. Kh2 a2 38. Rh7+ Kb6 39. Rh6+ Ka5 40. Rh8 Rh1+ 41. Kxh1 a1=Q+ 42. Kh2 Qxc3 43. Ra8+ Kb4 44. h5 Qe5+ 45. Kh3 Qxh5+ 46. Kg3 Qg6+ 47. Kf2 Qf6+ 48. Kg1 Kxc4 49. Kh1 Qh6+ 50. Kg1 Qe3+ 51. Kh1 Kd3 52. Kh2 Qe5+ 53. g3 c4 54. Ra3+ c3 55. Ra1 c2 56. Kh3 Qxa1 0-1


[Site "https://www.chess.com"]

[Event "Titled Tuesday Blitz April 4 Early 2023"]
[White "Souleidis, Georgios"]
[Black "Mazurkiewicz, Michal"]
[WhiteFideId "4206827"]
[BlackFideId "1124943"]
[WhiteElo "2401"]
[BlackElo "2054"]
[Result "0-1"]
[Round "08"]
[TimeControl "180+2"]
[Date "2023.04.04"]
[WhiteClock "0:00:01"]
[BlackClock "0:00:07"]

1. e4 d6 2. d4 Nf6 3. Nc3 c6 4. f4 Qb6 5. Rb1 e5 6. Nf3 Bg4 7. Be3 Bxf3 8. gxf3 Be7 9. Qd2 Qc7 10. Qg2 Nh5 11. Qg4 g6 12. Bd3 Nd7 13. O-O Ndf6 14. Qh3 Nxf4 15. Bxf4 exf4 16. Ne2 Nh5 17. Qg4 Qd7 18. Nxf4 Qxg4+ 19. fxg4 Nxf4 20. Rxf4 Bg5 21. Rf3 f6 22. e5 dxe5 23. dxe5 fxe5 24. Re1 O-O-O 25. Rxe5 Rhf8 26. Kg2 Rxf3 27. Kxf3 Rf8+ 28. Kg2 Bf6 29. Re6 Bxb2 30. Re7 h5 31. g5 Bc1 32. h4 Rf4 33. Kg3 Rg4+ 34. Kh3 Bf4 35. Bxg6 Rg3+ 36. Kh2 Re3+ 37. Kg2 Rxe7 38. Bxh5 Re3 39. Bf3 Rc3 40. g6 Rxc2+ 41. Kh3 Bh6 42. Kg4 Rxa2 43. Kf5 Bg7 44. h5 Rh2 0-1


[Site "https://www.chess.com"]

[Event "Titled Tuesday Blitz April 4 Early 2023"]
[White "Silva Lucena, Cristian"]
[Black "Mendez Fortes, Eduardo Jesus"]
[WhiteFideId "2232588"]
[BlackFideId "3502376"]
[WhiteElo "2223"]
[BlackElo "2307"]
[Result "0-1"]
[Round "08"]
[TimeControl "180+2"]
[Date "2023.04.04"]
[WhiteClock "0:02:00"]
[BlackClock "0:02:36"]

1. d4 Nf6 2. c4 e6 3. Nc3 Bb4 4. Qc2 O-O 5. e4 d5 6. e5 Ne4 7. Bd3 c5 8. Nf3 cxd4 9. Nxd4 Nd7 10. Bf4 Qh4 11. g3 Qh5 12. Be2 Qg6 13. Bd3 Ndc5 14. O-O-O Nxd3+ 15. Rxd3 Bxc3 16. bxc3 Nxf2 0-1


[Site "https://www.chess.com"]

[Event "Titled Tuesday Blitz April 4 Early 2023"]
[White "Rizzo, Tobias"]
[Black "Fiorito, Francisco"]
[WhiteFideId "30942691"]
[BlackFideId "180165"]
[WhiteElo "2434"]
[BlackElo "2341"]
[Result "1/2-1/2"]
[Round "08"]
[TimeControl "180+2"]
[Date "2023.04.04"]
[WhiteClock "0:00:06"]
[BlackClock "0:00:05"]

1. d4 Nf6 2. Bg5 Ne4 3. h4 d5 4. Nd2 h6 5. Bf4 Bf5 6. e3 c5 7. Nxe4 Bxe4 8. c3 Nc6 9. Bd3 Bxd3 10. Qxd3 Qb6 11. Ne2 e6 12. O-O Be7 13. h5 a6 14. a3 Rc8 15. b4 cxd4 16. cxd4 Na7 17. Rfc1 O-O 18. Nc3 Rc4 19. Na4 Qb5 20. Nb2 Rxc1+ 21. Rxc1 Qxd3 22. Nxd3 Rc8 23. Rxc8+ Nxc8 24. Nc5 Bxc5 25. dxc5 Na7 26. Be5 f6 27. Bb2 Nc6 28. Kf1 Kf7 29. Ke2 e5 30. f4 Ke6 31. Kf3 Kf5 32. g4+ Ke6 33. Ba1 Na7 34. Bb2 Nc8 35. Ba1 b6 36. fxe5 fxe5 37. Bc3 bxc5 38. bxc5 Ne7 39. Bb2 Nc6 40. Bc3 Na7 41. Bd2 Nb5 42. Bb4 Na7 43. Bc3 Nb5 44. Bb4 Kd7 45. a4 Na7 46. Ke2 Nc8 47. Kd3 Ne7 48. Bc3 Nc6 49. Bb2 Ke6 50. Ke2 Kf6 51. Kf3 Kg5 52. Kg3 Kf6 53. Kf3 Ke6 54. Ke2 Nb4 55. Bc3 Nc6 56. Bb2 1/2-1/2


[Site "https://www.chess.com"]

[Event "Titled Tuesday Blitz April 4 Early 2023"]
[White "ArtemDyachuk"]
[Black "Castellanos Villela, Alejandro"]
[BlackFideId "3446379"]
[WhiteElo "2429"]
[BlackElo "2103"]
[Result "1-0"]
[Round "08"]
[TimeControl "180+2"]
[Date "2023.04.04"]
[WhiteClock "0:00:17"]
[BlackClock "0:00:10"]

1. Nf3 b6 2. e4 Bb7 3. Nc3 Nf6 4. e5 Ne4 5. Bd3 Nxc3 6. dxc3 e6 7. Qe2 d6 8. exd6 Bxd6 9. Bd2 Nd7 10. O-O-O Qe7 11. Nd4 O-O-O 12. Ba6 Qf6 13. Bxb7+ Kxb7 14. Qe4+ Kc8 15. Qa8+ Nb8 16. Nc6 Kd7 17. Nxd8 Rxd8 18. Qe4 Ke8 19. h4 h6 20. g4 Qxf2 21. g5 hxg5 22. hxg5 Qf5 23. Qg2 Nd7 24. Rdf1 Qd5 25. Qxd5 exd5 26. Re1+ Be7 27. Rh8+ Nf8 28. g6 fxg6 29. Rxe7+ Kxe7 30. Bg5+ Kf7 31. Bxd8 Ne6 32. Bh4 g5 33. Bg3 Nf4 34. Bxf4 gxf4 35. Kd2 g5 36. Rh7+ Kg6 37. Rxc7 g4 38. Ke2 a5 39. Rc6+ Kg5 40. Rxb6 Kh4 41. Rf6 Kg3 42. Rf5 f3+ 43. Kf1 Kh2 44. Kf2 g3+ 45. Kxf3 g2 46. Rh5+ Kg1 47. Rxd5 Kh1 48. Rh5+ Kg1 49. Rg5 Kf1 50. Rxg2 a4 51. Rd2 a3 52. bxa3 Ke1 53. Ke3 Kf1 54. c4 Kg1 55. c5 1-0


[Site "https://www.chess.com"]

[Event "Titled Tuesday Blitz April 4 Early 2023"]
[White "Koridze, Lile"]
[Black "Horak, Martin"]
[WhiteFideId "13612514"]
[BlackFideId "367095"]
[WhiteElo "2047"]
[BlackElo "2091"]
[Result "0-1"]
[Round "08"]
[TimeControl "180+2"]
[Date "2023.04.04"]
[WhiteClock "0:01:29"]
[BlackClock "0:00:40"]

1. d4 Nf6 2. c4 e6 3. Nf3 b6 4. g3 Ba6 5. b3 Bb4+ 6. Bd2 Be7 7. Bg2 O-O 8. O-O d5 9. Ne5 Bb7 10. Nc3 c5 11. dxc5 Bxc5 12. Bg5 h6 13. Bf4 Bb4 14. Rc1 Bxc3 15. Rxc3 Nbd7 16. Nxd7 Qxd7 17. cxd5 Bxd5 18. e4 Bc6 19. Qc2 Rac8 20. Rc1 Bxe4 21. Bxe4 Rxc3 22. Bh7+ Nxh7 23. Qxc3 Rd8 24. Qe5 Rc8 25. h4 Rxc1+ 26. Bxc1 Qd1+ 27. Kh2 Qxc1 0-1


[Site "https://www.chess.com"]

[Event "Titled Tuesday Blitz April 4 Early 2023"]
[White "Leebit02"]
[Black "Weetik, Vjacheslav"]
[BlackFideId "4153472"]
[WhiteElo "2409"]
[BlackElo "2469"]
[Result "1/2-1/2"]
[Round "08"]
[TimeControl "180+2"]
[Date "2023.04.04"]
[WhiteClock "0:00:07"]
[BlackClock "0:00:05"]

1. Nf3 Nf6 2. b3 c5 3. Bb2 Nc6 4. e3 a6 5. c4 e6 6. Qc2 d5 7. a3 Be7 8. Be2 b6 9. d4 Bb7 10. Nbd2 O-O 11. dxc5 bxc5 12. O-O Rc8 13. Rfd1 Qb6 14. Rab1 Rfd8 15. Ba1 a5 16. h3 d4 17. exd4 cxd4 18. Bd3 Bxa3 19. Ne4 Nb4 20. Nxf6+ gxf6 21. Qe2 Nxd3 22. Rxd3 Bc5 23. Nh4 Kh8 24. Qh5 Rg8 25. Rbd1 Qc6 26. f3 e5 27. Bb2 Rg5 28. Qxf7 Rcg8 29. Bc1 R8g7 30. Qd5 Qxd5 31. cxd5 Rh5 32. Nf5 Rxf5 33. g4 Bxd5 34. Kf2 Rfg5 35. Bxg5 fxg5 36. Rc1 Rc7 37. h4 gxh4 38. Kg2 Bd6 39. Rxc7 Bxc7 40. Kh3 Bd8 41. f4 Bf6 42. fxe5 Bxe5 43. Kxh4 Kg7 44. Kg5 Kf7 45. Kf5 Bg7 46. Rd1 Bxb3 47. Rf1 a4 48. Ke4+ Kg6 49. Kd3 h6 50. Rf5 Bf6 51. Ra5 Kg7 52. Ra6 Kg6 53. Ra5 Bg7 54. Ra6+ Kh7 55. Ra7 Bd1 56. Ra5 Kg6 57. Ke4 Bxg4 58. Rxa4 Bf5+ 59. Kf4 d3 60. Ra6+ Bf6 61. Rd6 h5 62. Rd5 Bg4 63. Rd6 Kg7 64. Rxd3 Kf7 65. Ra3 Be7 66. Ra4 Ke6 67. Ra5 Bd6+ 68. Ke3 Bf5 69. Ra6 Ke5 70. Ra5+ Kf6 71. Kf3 Bg4+ 72. Kg2 Be5 73. Ra6+ Kf5 74. Ra8 h4 75. Rf8+ Kg5 76. Rg8+ Kf4 77. Rf8+ Ke3 78. Rg8 h3+ 79. Kg1 h2+ 80. Kh1 Bf3+ 81. Rg2 Be4 1/2-1/2


[Site "https://www.chess.com"]

[Event "Titled Tuesday Blitz April 4 Early 2023"]
[White "Krysa, Leandro"]
[Black "Bruedigam, Martin"]
[WhiteFideId "116807"]
[BlackFideId "24608033"]
[WhiteElo "2489"]
[BlackElo "2331"]
[Result "0-1"]
[Round "08"]
[TimeControl "180+2"]
[Date "2023.04.04"]
[WhiteClock "0:00:06"]
[BlackClock "0:00:11"]

1. e4 c6 2. d4 d5 3. e5 Bf5 4. h4 Qc7 5. h5 h6 6. g4 Bd7 7. Nc3 e6 8. Be3 c5 9. dxc5 Bxc5 10. Bxc5 Qxc5 11. Bd3 Nc6 12. Nf3 a6 13. Qd2 Nge7 14. O-O-O O-O-O 15. Kb1 Kb8 16. a3 Rc8 17. Rhe1 Nd4 18. Qf4 Nxf3 19. Qxf3 Rhf8 20. Qf4 Bb5 21. Nxb5 axb5 22. g5 hxg5 23. Qxg5 Nc6 24. Qxg7 b4 25. a4 b3 26. cxb3 Nd4 27. Rc1 Qb4 28. Qg4 Rg8 29. Qf4 Qb6 30. h6 Nxb3 31. Rxc8+ Rxc8 32. h7 Qc6 33. Rh1 d4 34. h8=Q Qxa4 35. Qxc8+ Kxc8 36. Rh8+ Kc7 37. Qxf7+ Kb6 38. Qxe6+ Ka7 39. Rc8 Nd2+ 40. Kc1 Nb3+ 41. Kd1 Nc5+ 42. Bc2 Qa1+ 43. Kd2 Nxe6 44. Rc4 Qa5+ 45. Kd1 Qxe5 46. Ra4+ Kb6 47. Ra3 Nf4 48. f3 Qe2+ 49. Kc1 Qe1+ 50. Bd1 d3 51. Ra4 Ne2+ 52. Kb1 Qxd1+ 53. Ka2 Qxa4+ 54. Kb1 Nd4 55. b3 Qxb3+ 56. Ka1 Nc2# 0-1


[Site "https://www.chess.com"]

[Event "Titled Tuesday Blitz April 4 Early 2023"]
[White "Yu, Jason"]
[Black "Volkov, Maksim"]
[WhiteFideId "30907624"]
[BlackFideId "54123070"]
[WhiteElo "2497"]
[BlackElo "2312"]
[Result "0-1"]
[Round "08"]
[TimeControl "180+2"]
[Date "2023.04.04"]
[WhiteClock "0:01:04"]
[BlackClock "0:01:26"]

1. e4 c5 2. Nf3 d6 3. d4 cxd4 4. Nxd4 Nf6 5. Nc3 a6 6. Be2 e5 7. Nb3 Be7 8. O-O O-O 9. a4 Be6 10. f4 exf4 11. Bxf4 Nc6 12. Kh1 d5 13. e5 Ne4 14. Nxe4 dxe4 15. Nd2 Bf5 16. Bg4 Bg6 17. c3 Qd5 18. e6 fxe6 19. Qb3 Bf7 20. Rae1 Qxb3 21. Nxb3 e5 22. Rxe4 Bxb3 23. Rb4 Bxb4 0-1


[Site "https://www.chess.com"]

[Event "Titled Tuesday Blitz April 4 Early 2023"]
[White "Jakubowski, Krzysztof"]
[Black "Tokman, Ariel"]
[WhiteFideId "1112848"]
[BlackFideId "117420"]
[WhiteElo "2359"]
[BlackElo "2263"]
[Result "1-0"]
[Round "08"]
[TimeControl "180+2"]
[Date "2023.04.04"]
[WhiteClock "0:00:23"]
[BlackClock "0:00:22"]

1. e4 Nf6 2. e5 Nd5 3. c4 Nb6 4. d4 d6 5. exd6 cxd6 6. Nc3 g6 7. Be3 Bg7 8. Rc1 O-O 9. b3 Bf5 10. g4 Be6 11. Bg2 d5 12. c5 Nc8 13. h4 b6 14. cxb6 axb6 15. h5 Nd6 16. Nh3 Qd7 17. f3 Nc6 18. Nf4 Rfc8 19. hxg6 hxg6 20. Qd2 Nb4 21. Bf1 Rxc3 22. Rxc3 Bxg4 23. Qh2 Bxf3 24. Qh7+ Kf8 25. Bh3 Bg4 26. Nxg6+ fxg6 27. O-O+ 1-0


[Site "https://www.chess.com"]

[Event "Titled Tuesday Blitz April 4 Early 2023"]
[White "Taboas Rodriguez, Daniel"]
[Black "TheKnightOfBosnia"]
[WhiteFideId "2208466"]
[WhiteElo "2365"]
[BlackElo "2493"]
[Result "0-1"]
[Round "08"]
[TimeControl "180+2"]
[Date "2023.04.04"]
[WhiteClock "0:00:14"]
[BlackClock "0:00:19"]

1. d4 Nf6 2. Nf3 e6 3. c4 Bb4+ 4. Nbd2 O-O 5. a3 Be7 6. e4 d6 7. Bd3 Nfd7 8. O-O e5 9. Re1 exd4 10. Nxd4 Nc6 11. N2f3 Bf6 12. Nxc6 bxc6 13. Ra2 a5 14. b3 Nc5 15. Rae2 Bg4 16. Rd2 Bxf3 17. gxf3 Bg5 18. Rc2 Nxb3 19. f4 Nxc1 20. Qxc1 Bf6 21. Re3 Bd4 22. Rg3 Qh4 23. Kg2 f5 24. exf5 Qf6 25. Be4 Rab8 26. Qd1 c5 27. Qh5 Rbe8 28. Bd5+ Kh8 29. Be6 Rxe6 30. fxe6 Qxe6 31. Re2 Qxc4 32. Re8 Qg8 33. Re7 Rxf4 34. f3 g6 35. Qh6 Be5 36. Rxg6 Qxg6+ 37. Qxg6 hxg6 38. Rxc7 Ra4 39. Rf7 Kg8 40. f4 Kxf7 0-1


[Site "https://www.chess.com"]

[Event "Titled Tuesday Blitz April 4 Early 2023"]
[White "Przybylski, Wojciech"]
[Black "Gontcharov, Vladislav"]
[WhiteFideId "1117599"]
[BlackFideId "4123492"]
[WhiteElo "2222"]
[BlackElo "2420"]
[Result "0-1"]
[Round "08"]
[TimeControl "180+2"]
[Date "2023.04.04"]
[WhiteClock "0:00:01"]
[BlackClock "0:00:04"]

1. e4 e6 2. d4 d5 3. Nc3 Bb4 4. a3 Bxc3+ 5. bxc3 dxe4 6. Qg4 Nf6 7. Qxg7 Rg8 8. Qh6 Rg6 9. Qe3 b6 10. h3 Bb7 11. c4 Nbd7 12. Qc3 c5 13. Be3 cxd4 14. Bxd4 Rc8 15. O-O-O Qe7 16. Qb4 e5 17. Be3 Nc5 18. Ne2 Nfd7 19. Nc3 Kf8 20. g4 a5 21. Qb2 Ba6 22. Nd5 Qe6 23. Be2 Na4 24. Qb3 Ndc5 25. Qa2 Nd3+ 26. cxd3 Qxd5 27. dxe4 Bxc4 28. Qc2 Qc6 29. Bxc4 b5 30. Bb3 Qb7 31. Bxa4 Rxc2+ 32. Bxc2 Rc6 33. Kb2 Kg7 34. Rd2 Rc7 35. Rd5 a4 36. Rc1 b4 37. Bxa4 bxa3+ 38. Kxa3 Rxc1 39. Bxc1 Qb6 40. Be3 Qb1 41. Bb3 Qa1+ 42. Kb4 Qh1 43. Bc2 Qxh3 44. g5 Qh2 45. Kc3 Kg6 46. Kd2 Kg7 47. Rd6 Qh1 48. Rd5 Qh2 49. Ke2 Qh1 50. Rxe5 Qh5+ 51. Kd2 Qg4 52. Rd5 Qe6 53. Rd4 Kg6 54. Bd3 Kg7 55. Rd5 Qc6 56. Bd4+ Kg6 57. Rb5 Kh5 58. Rb6 Qa4 59. Rf6 Kxg5 0-1


[Site "https://www.chess.com"]

[Event "Titled Tuesday Blitz April 4 Early 2023"]
[White "Dudzinski, Pawel"]
[Black "Bilan, Danila"]
[WhiteFideId "1117890"]
[BlackFideId "24161918"]
[WhiteElo "2099"]
[BlackElo "2182"]
[Result "1-0"]
[Round "08"]
[TimeControl "180+2"]
[Date "2023.04.04"]
[WhiteClock "0:00:51"]
[BlackClock "0:00:06"]

1. e4 c6 2. d4 d5 3. exd5 cxd5 4. Bd3 Nc6 5. c3 Qc7 6. Ne2 Bg4 7. f3 Bd7 8. Bf4 e5 9. dxe5 Nxe5 10. O-O Bd6 11. Kh1 Nf6 12. Nd4 Nxd3 13. Bxd6 Qxd6 14. Qxd3 O-O 15. Nd2 Rfe8 16. Rfe1 g6 17. Kg1 Nh5 18. Nf1 Nf4 19. Qd2 a6 20. g3 Ne6 21. Ne3 Ng5 22. Kg2 Bh3+ 23. Kf2 Qf6 24. Nxd5 Qd8 25. Rxe8+ Qxe8 26. Nf6+ 1-0


[Site "https://www.chess.com"]

[Event "Titled Tuesday Blitz April 4 Early 2023"]
[White "Berezin, Viktor"]
[Black "Shubenkova, Veronika"]
[WhiteFideId "14107872"]
[BlackFideId "44124040"]
[WhiteElo "2310"]
[BlackElo "2027"]
[Result "0-1"]
[Round "08"]
[TimeControl "180+2"]
[Date "2023.04.04"]
[WhiteClock "0:00:20"]
[BlackClock "0:01:13"]

1. d4 d5 2. c4 e6 3. Nf3 Nf6 4. g3 Be7 5. Bg2 O-O 6. O-O b6 7. Qc2 Bb7 8. Rd1 Nbd7 9. b3 c6 10. Bb2 Ne4 11. Nfd2 f5 12. f3 Nxd2 13. Nxd2 f4 14. Nf1 Bd6 15. e4 fxe3 16. Nxe3 c5 17. cxd5 exd5 18. Nf5 Qc7 19. dxc5 Bxc5+ 20. Kh1 Nf6 21. Rac1 Qd7 22. Nd4 Rac8 23. Qd3 Rce8 24. Re1 Bb4 25. Rxe8 Rxe8 26. a3 Bc5 27. b4 Bf8 28. h4 Nh5 29. Kh2 Bc8 30. f4 Nf6 31. Nf3 Ng4+ 32. Kg1 Ne3 33. Ne5 Rxe5 34. Bxe5 Nxg2 35. Kxg2 Qh3+ 36. Kg1 d4 37. Qf3 Bb7 38. Qxb7 Qxg3+ 39. Kf1 Qd3+ 40. Kg2 Qd2+ 41. Kg3 Qxc1 42. Qd5+ Kh8 43. Qd8 Qxa3+ 44. Kg4 Qxb4 45. h5 Qe7 46. Qxd4 h6 47. f5 Qg5+ 48. Kh3 Qxh5+ 49. Kg3 Qg5+ 50. Kh2 Qxf5 51. Bg3 Kh7 52. Qd8 Bc5 0-1


[Site "https://www.chess.com"]

[Event "Titled Tuesday Blitz April 4 Early 2023"]
[White "Demin, Vladimir"]
[Black "Goltseva, Ekaterina"]
[WhiteFideId "4167457"]
[BlackFideId "24173770"]
[WhiteElo "2546"]
[BlackElo "2200"]
[Result "1/2-1/2"]
[Round "08"]
[TimeControl "180+2"]
[Date "2023.04.04"]
[WhiteClock "0:00:10"]
[BlackClock "0:00:14"]

1. e4 e5 2. Nf3 Nc6 3. Nc3 Nf6 4. d4 exd4 5. Nxd4 Bb4 6. Nxc6 bxc6 7. Bd3 d5 8. exd5 cxd5 9. O-O O-O 10. h3 Rb8 11. Be3 c5 12. a3 Bxc3 13. bxc3 Qa5 14. c4 Ba6 15. Bg5 Ne4 16. Bf4 Rbe8 17. cxd5 Nc3 18. Qd2 Ne2+ 19. Kh1 Qxd2 20. Bxd2 Bxd3 21. cxd3 Rd8 22. Rae1 Nd4 23. Re7 Rxd5 24. Rxa7 Nb3 25. Be3 Rxd3 26. Rc7 Ra8 27. Rb1 h6 28. Bxc5 Nxc5 29. Rxc5 Rdxa3 30. Kh2 Ra2 31. f3 Re2 32. Rc7 Raa2 33. Rg1 g6 34. Rc4 Kg7 35. Rd4 h5 36. h4 Kf6 37. Kg3 Rec2 38. Rf4+ Kg7 39. Kh3 Re2 40. Rd4 Rab2 41. Rc4 Rbc2 42. Rxc2 Rxc2 43. Ra1 Rd2 44. Kg3 Rc2 45. Rg1 Rd2 46. Kf4 Rd4+ 47. Kg3 Rd2 48. Rc1 Rb2 49. Rc7 Rd2 50. Kh3 Ra2 51. g4 Ra3 52. Kg3 hxg4 53. Kxg4 Ra4+ 54. f4 Kf6 55. Rc6+ Kg7 56. Rb6 Rc4 57. Rb5 Ra4 58. h5 gxh5+ 59. Rxh5 Kf6 60. Rh6+ Kg7 61. Rb6 Rc4 62. Kg5 Rc1 63. Rb7 Rg1+ 64. Kf5 Re1 65. Rc7 Re2 66. Rc3 Re1 67. Rg3+ Kf8 68. Rh3 Ke7 69. Ra3 Rg1 70. Ra7+ Kf8 71. Ra6 Kg7 72. Rb6 Rg2 73. Rb3 Rg1 74. Rh3 Rg2 75. Ra3 Rg1 76. Ra7 Rg2 77. Ke5 Re2+ 78. Kf5 Rg2 79. Ra3 Rg1 80. Rh3 Rg2 81. Rh5 Rg1 82. Rg5+ Rxg5+ 83. fxg5 Kg8 84. Kf6 Kf8 85. g6 fxg6 86. Kxg6 1/2-1/2


[Site "https://www.chess.com"]

[Event "Titled Tuesday Blitz April 4 Early 2023"]
[White "Bowden, Karl"]
[Black "Sharapov, Evgeny"]
[WhiteFideId "400548"]
[BlackFideId "14103133"]
[WhiteElo "2453"]
[BlackElo "2367"]
[Result "1-0"]
[Round "08"]
[TimeControl "180+2"]
[Date "2023.04.04"]
[WhiteClock "0:01:37"]
[BlackClock "0:01:35"]

1. e4 c5 2. c3 Nf6 3. e5 Nd5 4. d4 cxd4 5. cxd4 d6 6. Nf3 Nc6 7. Bc4 Nb6 8. Bb5 dxe5 9. Nxe5 Bd7 10. Nc3 Nxe5 11. dxe5 Bxb5 12. Nxb5 Qxd1+ 13. Kxd1 O-O-O+ 14. Ke2 a6 15. Be3 Nd5 16. Rac1+ Kb8 17. Ba7+ Ka8 18. Rhd1 e6 19. Bb6 Rb8 20. Rxd5 axb5 21. Rxb5 Re8 22. Ra5+ Kb8 23. Bc7+ Kc8 24. Ra8+ Kd7 25. Rd1+ Kxc7 26. Rxe8 1-0


[Site "https://www.chess.com"]

[Event "Titled Tuesday Blitz April 4 Early 2023"]
[White "Moral Garcia, Serafin"]
[Black "Staudenhocker43"]
[WhiteFideId "2201925"]
[WhiteElo "2274"]
[BlackElo "2543"]
[Result "1-0"]
[Round "08"]
[TimeControl "180+2"]
[Date "2023.04.04"]
[WhiteClock "0:00:49"]
[BlackClock "0:00:03"]

1. c4 c5 2. Nc3 Nc6 3. g3 g6 4. Bg2 Bg7 5. a3 e6 6. Rb1 a5 7. e3 Nge7 8. Nge2 O-O 9. O-O d5 10. d3 b6 11. Qb3 dxc4 12. dxc4 Ba6 13. Nb5 Rb8 14. Rd1 Qc8 15. Bd2 Ne5 16. Bc3 Rd8 17. Rxd8+ Qxd8 18. Rd1 Qe8 19. Nd6 Qf8 20. f4 Ng4 21. Bxg7 Qxg7 22. h3 Nf6 23. e4 Qf8 24. e5 Ne8 25. Nc3 Nxd6 26. Rxd6 Nc8 27. Rd2 Qe7 28. Ne4 Kg7 29. Nf6 b5 30. Rd7 Qf8 31. Qd1 Nb6 32. Ra7 Qc8 33. cxb5 Bxb5 34. Qd6 Qd8 35. Qxc5 Na4 36. Qf2 Nxb2 37. g4 Nd3 38. Qe3 Bc4 39. Kh2 Rb2 40. Rd7 Qa8 41. Ne4 1-0


[Site "https://www.chess.com"]

[Event "Titled Tuesday Blitz April 4 Early 2023"]
[White "Melikhov, Evgeny V."]
[Black "Francisco Guecamburu, Candela Be"]
[WhiteFideId "4122046"]
[BlackFideId "160911"]
[WhiteElo "2158"]
[BlackElo "2326"]
[Result "0-1"]
[Round "08"]
[TimeControl "180+2"]
[Date "2023.04.04"]
[WhiteClock "0:00:03"]
[BlackClock "0:00:14"]

1. d4 Nf6 2. c4 c5 3. d5 e6 4. Nc3 exd5 5. cxd5 d6 6. Nf3 g6 7. h3 Bg7 8. e4 O-O 9. Bd3 b5 10. Nxb5 Re8 11. O-O Nxe4 12. Re1 a6 13. Na3 Nf6 14. Rxe8+ Qxe8 15. Nc4 Bf8 16. Bf4 Nxd5 17. Nxd6 Qd8 18. Nxc8 Nxf4 19. Be4 Qxd1+ 20. Rxd1 Nc6 21. Nb6 Rd8 22. Rxd8 Nxd8 23. Nd5 Nde6 24. Nxf4 Nxf4 25. g3 Ne2+ 26. Kf1 Nc1 27. a3 Bg7 28. b4 c4 29. a4 Nb3 30. b5 axb5 31. axb5 Nc5 32. Bc2 Bc3 33. Ke2 Nb7 34. Nd2 Nd6 35. b6 Bd4 36. b7 Ba7 37. g4 h6 38. f4 Kf8 39. f5 g5 40. Nf3 Nxb7 41. h4 f6 42. h5 Nd6 43. Nd2 Bd4 44. Ne4 Nf7 45. Ba4 Kg7 46. Bb5 Ne5 47. Nd2 c3 48. Nb3 Bb6 49. Kd1 Nxg4 50. Kc2 Ne3+ 51. Kxc3 Nxf5 52. Kd3 Nd6 53. Bc6 f5 54. Ke2 Kf6 55. Kf3 Ke5 56. Bd7 Ne4 57. Kg2 g4 58. Nc1 Be3 59. Nd3+ Kf6 60. Kf1 Kg5 61. Ke2 Bd4 62. Ne1 f4 63. Bc6 Ng3+ 64. Kd3 Bf2 65. Ng2 Nxh5 66. Bd7 Nf6 67. Ke2 Bg3 68. Bc6 h5 69. Bb7 h4 70. Kf1 f3 71. Ne1 Bxe1 72. Kxe1 Kf4 73. Kf1 g3 74. Kg1 Ng4 75. Kh1 h3 76. Bxf3 Kxf3 77. Kg1 h2+ 78. Kh1 Nf2# 0-1


[Site "https://www.chess.com"]

[Event "Titled Tuesday Blitz April 4 Early 2023"]
[White "Avazkhonov, Alikhon"]
[Black "Gubajdullin, Alexei"]
[WhiteFideId "14208504"]
[BlackFideId "4141202"]
[WhiteElo "1739"]
[BlackElo "2279"]
[Result "0-1"]
[Round "08"]
[TimeControl "180+2"]
[Date "2023.04.04"]
[WhiteClock "0:00:02"]
[BlackClock "0:01:28"]

1. d4 Nf6 2. c4 g6 3. Nc3 Bg7 4. e4 d6 5. f3 O-O 6. Be3 Nc6 7. Qd2 Rb8 8. Nge2 a6 9. h4 h5 10. Rc1 Nd7 11. Ng3 e5 12. d5 Nd4 13. Nge2 c5 14. dxc6 bxc6 15. b3 Qf6 16. Bg5 Qe6 17. Nxd4 exd4 18. Ne2 d5 19. cxd5 cxd5 20. Nf4 Qe8 21. Nxd5 Bb7 22. Be2 Bxd5 23. exd5 Rb5 24. d6 Re5 25. Kf2 Nc5 26. Bf4 Rf5 27. Rhe1 Bh6 28. Bxh6 Ne4+ 29. Kg1 Nxd2 30. Bxd2 Qd8 31. Bb4 a5 32. Ba3 Re8 33. Bd3 Rfe5 34. Rxe5 Rxe5 35. f4 Re3 36. Bb5 d3 37. d7 d2 38. Rf1 Re1 0-1


[Site "https://www.chess.com"]

[Event "Titled Tuesday Blitz April 4 Early 2023"]
[White "Krsnik Cohar, Ivan Vihor"]
[Black "Gallegos Diaz, Carlos Alberto"]
[WhiteFideId "14520044"]
[BlackFideId "3900886"]
[WhiteElo "2414"]
[BlackElo "2362"]
[Result "1-0"]
[Round "08"]
[TimeControl "180+2"]
[Date "2023.04.04"]
[WhiteClock "0:00:22"]
[BlackClock "0:00:08"]

1. e4 d6 2. Nf3 Nf6 3. Nc3 c6 4. d4 Qa5 5. Bg5 Nxe4 6. Bd2 Nxd2 7. Qxd2 Bg4 8. Be2 e6 9. O-O Be7 10. Qf4 Qf5 11. Qg3 Bxf3 12. Bxf3 Qg5 13. Qh3 Qh4 14. Qxh4 Bxh4 15. Ne4 Be7 16. c4 Nd7 17. d5 Ne5 18. Be2 O-O 19. Rfd1 exd5 20. cxd5 c5 21. a4 f5 22. Nd2 Bg5 23. Nc4 Nxc4 24. Bxc4 Bf6 25. Rab1 a6 26. a5 Rab8 27. b4 Bd4 28. bxc5 Bxc5 29. Rb2 Rfe8 30. Rdb1 Kf8 31. Bxa6 Re4 32. Bxb7 Ra4 33. a6 Ra3 34. Kf1 Ke7 35. Re1+ Kd8 36. Rbe2 Kc7 37. Re7+ Kb6 38. g3 Ra2 39. R1e2 Rxe2 40. Kxe2 Bd4 41. Rd7 Bc5 42. Rxg7 f4 43. Rxh7 1-0


[Site "https://www.chess.com"]